 Dungeon Crawl Stone Soup version 0.27-a0-328-g7f782ed93a (webtiles) character file.

Game seed: 8559592796500920471

29 inc the Vexing (level 3, 0/14 HPs)
             Began as a Felid Enchanter on Feb 11, 2021.
             Slain by an adder (1 damage)
             ... on level 2 of the Dungeon.
             The game lasted 00:01:33 (1437 turns).

inc the Vexing (Felid Enchanter)                    Turns: 1437, Time: 00:01:34

Health: 0/14       AC:  1    Str:  4    XL:     3   Next: 1%
Magic:  4/7        EV: 18    Int: 16    God:
Gold:   39         SH:  0    Dex: 17    Spells: 5/6 levels left
                                        Lives:  0   Deaths: 0

rFire    . . .     SeeInvis +     - Unarmed
rCold    . . .     Faith    .   (shield unavailable)
rNeg     . . .     Spirit   .   (armour unavailable)
rPois    .         Reflect  .   (helmet unavailable)
rElec    .         Harm     .   (cloak unavailable)
rCorr    .         Rampage  .   (gloves unavailable)
Will     .....                  (boots unavailable)
Stlth    +++.......             (no amulet)
HPRegen  0.04/turn              (no ring)
MPRegen  0.10/turn              (no ring)

@: lethally poisoned (0 -> -5), hasted, very quick
A: very small, no armour, no weapons or thrown items, stealth, claws 1, fangs 3,
see invisible, speed 1, shaggy fur 1, sharp paws
a: no special abilities


You were on level 2 of the Dungeon.
You visited 1 branch of the dungeon, and saw 2 of its levels.

You collected 39 gold pieces.

Inventory:

Scrolls
 a - 2 scrolls of teleportation {unknown}
 b - 2 scrolls of immolation {unknown}
 c - a scroll of blinking {unknown}
 e - a scroll of identify {unknown}


   Skills:
 - Level 2.6 Dodging
 - Level 4.0 Stealth
 + Level 3.0 Unarmed Combat
 - Level 2.0 Spellcasting
 - Level 4.4 Hexes


You had 5 spell levels left.
You knew the following spells:

 Your Spells              Type           Power        Failure   Level
a - Corona                Hex            16%          3%          1

Your spell library contained the following spells:

 Spells                   Type           Power        Failure   Level
 Confusing Touch          Hex            15%          11%         3
 Tukima's Dance           Hex            15%          11%         3
 Ensorcelled Hibernation  Hex/Ice        16%          13%         2
 Dazzling Flash           Conj/Hex       16%          26%         3


Dungeon Overview and Level Annotations

Branches:
Dungeon (2/15)

Altars:


Innate Abilities, Weirdness & Mutations

You cannot wear armour.
You are incapable of wielding weapons or throwing items.
Your paws allow you to move quietly. (Stealth)
You have sharp claws.
You have razor-sharp teeth.
You have supernaturally acute eyesight. (SInv)
You cover ground quickly.
You are covered in fur. (AC +1)
Your sharp claws are effective at attacking unaware monsters.


Message History

Press: ? - help, Shift-Dir - straight line, f - adder
Aim: an adder (chance to affect: 61%)
The adder struggles to resist.
The adder closely misses you.
Casting: Corona (safe; 3% risk of failure)
Confirm with . or Enter, or press ? or * to list all spells.
Aiming: Corona (safe; 3% risk of failure)
Press: ? - help, Shift-Dir - straight line, f/p - adder
Aim: an adder (chance to affect: 61%)
The adder is outlined in light.
The adder barely misses you.
You scratch the adder but do no damage. You bite the adder, but do no damage.
The adder completely misses you.
You closely miss the adder. The adder closely misses you.
The adder barely misses you.
You closely miss the adder. Your bite misses the adder. The adder bites you.
You closely miss the adder. The adder bites you.
You are lethally poisoned!
The adder poisons you!
You are too injured to fight recklessly!
You are too injured to fight recklessly!
It was a potion of haste.
You feel yourself speed up.
You feel sick. The adder bites you.
* * * LOW HITPOINT WARNING * * *
You scratch the adder.
The adder is heavily wounded.
The adder stops glowing.
The adder misses you.
You closely miss the adder. Your bite misses the adder.
The adder is heavily wounded.
The adder barely misses you.
You closely miss the adder.
The adder is heavily wounded.
* * * LOW HITPOINT WARNING * * *
You feel sick. The adder misses you.
You miss the adder.
The adder is heavily wounded.
The adder misses you.
Unknown command.
You completely miss the adder.
The adder is heavily wounded.
The adder bites you.
You die...

### # #.# #
#..w#.#
#.#.#. ....
#.#######.#
#..?@SK...#
#.######..#
#<.....#
#........#
######...#
...# ..# .#
.#


You could see an adder and a kobold.

Vanquished Creatures
  2 dart slugs (D:1)
  A leopard gecko (D:1)
  4 bats
  A giant cockroach (D:1)
  3 goblins (D:1)
  4 hobgoblins (D:1)
  2 ball pythons (D:1)
  3 frilled lizards (D:1)
  3 kobolds (D:1)
23 creatures vanquished.

Notes
Turn   | Place    | Note
-------+----------+-------------------------------------------
     0 | D:1      | inc the Felid Enchanter began the quest for the Orb.
     0 | D:1      | Reached XP level 1. HP: 7/7 MP: 4/4
   470 | D:1      | Reached XP level 2. HP: 11/11 MP: 6/6
  1426 | D:2      | Reached XP level 3. HP: 9/14 MP: 5/7
  1437 | D:2      | Slain by an adder

Illustrated notes

Levels and vault maps discovered:
D:1:      saegor_arrival_simple_c, layout_rooms
D:2:      layout_basic, nicolae_overflow_crystal_walls,
          minmay_gold_behind_fungi, uniq_natasha, uniq_robin

Skill      XL: |  1  2 |
---------------+-------+-----
Unarmed Combat | 2 3 |  3.0
Dodging        | |  2.6
Stealth        | |  4.0
Spellcasting   | |  2.0
Hexes          | |  4.4

Action                   || total
-------------------------++-------
Melee: Unarmed           ||    89
       Bite              ||     7
 Cast: Corona            ||     6
  Use: Potion            ||     1
 Stab: Sleeping          ||     1
Armor: Skin              ||     4
Dodge: Dodged            ||    67

Table legend: (Time is in decaauts)
 A = Elapsed time spent in this place.
 B = Non-inter-level travel time spent in this place.
 C = Inter-level travel time spent in this place.
 D = Time resting spent in this place.
 E = Time spent auto-exploring this place.
 F = Levels seen in this place.
 G = Mean time per level.
                   A        B        C        D        E       F      G
               +--------+--------+--------+--------+--------+-----+--------+
         Total |   1323 |   1298 |     25 |    614 |    481 |   2 |  661.5 |
       Dungeon |   1323 |   1298 |     25 |    614 |    481 |   2 |  661.5 |
               +--------+--------+--------+--------+--------+-----+--------+

Top non-repeatable levels by time:
     D:1: 1306 daAuts
     D:2: 17 daAuts
